[Event "7th Iberoamerican-ch 2019"]
[Site "Linares"]
[Date "2019.08.15"]
[Round "6.37"]
[White "Paiva, Henrique M A Alberga"]
[Black "Rodriguez Perez, Angel Mariano"]
[Result "0-1"]
[ECO "B92"]
[WhiteElo "2106"]
[BlackElo "2223"]
[Annotator "NA"]
[PlyCount "69"]
[EventDate "2019.08.10"]
[EventType "swiss"]
[EventCountry "ESP"]
[SourceTitle "playchess.com"]
[Source "ChessBase"]
[SourceQuality "1"]
[TimeControl "5400+30"]

1. e4 c5 2. Nf3 d6 3. d4 cxd4 4. Nxd4 Nf6 5. Nc3 a6 6. Be2 e5 7. Nb3 Be7 8. O-O O-O 9. a4 Be6 10. Be3 Nbd7 11. a5 Qc7 12. Bf3 b5 13. axb6 Nxb6 14. Re1 Nc4 15. Bc1 Rfb8 16. Rb1 a5 17. Nd2 Nb6 18. Nf1 a4 19. Nd5 Nbxd5 20. exd5 Bf5 21. Ne3 Bg6 22. Ra1 Nd7 23. Ra3 Nc5 24. Bg4 Bg5 25. Nf5 Bxc1 26. Qxc1 Rb4 27. Ne3 Rab8 28. b3 axb3 29. cxb3 Rxb3 30. Rxb3 Rxb3 31. h4 h5 32. Bh3 Qd8 33. Nf5 Rxh3 34. Nh6+ gxh6 35. gxh3 0-1

[Event "7th Iberoamerican-ch 2019"]
[Site "Linares"]
[Date "2019.08.15"]
[Round "6.38"]
[White "Ingunza Curro, Andres"]
[Black "Perera Borrego, Maria Adela"]
[Result "0-1"]
[ECO "C11"]
[WhiteElo "2103"]
[BlackElo "2186"]
[Annotator "ChessBase"]
[PlyCount "174"]
[EventDate "2019.08.10"]
[EventType "swiss"]
[EventCountry "ESP"]
[SourceTitle "playchess.com"]
[Source "ChessBase"]
[SourceQuality "1"]
[TimeControl "5400+30"]

1. e4 e6 2. Nc3 d5 3. d4 Nf6 4. e5 Nfd7 5. f4 c5 6. Nf3 Nc6 7. Be3 Be7 8. Qd2 b6 9. Be2 Bb7 10. O-O O-O 11. Rae1 Rc8 12. Nd1 cxd4 13. Nxd4 Nxd4 14. Bxd4 Nc5 15. c3 Ne4 16. Qe3 f5 17. exf6 Bxf6 18. Bg4 Re8 19. Nf2 Rc4 20. Nd3 Ba6 21. Bh5 Rf8 22. Bg4 Qe7 23. Bf3 Bb7 24. Bxf6 gxf6 25. Bd1 Kh8 26. Bb3 Rc7 27. Nf2 Nc5 28. Bd1 Rg8 29. Bf3 Qg7 30. Kh1 Bc8 31. Re2 Ba6 32. Rg1 Bxe2 33. Bxe2 e5 34. g4 Re7 35. Bd1 exf4 36. Qxf4 Qg5 37. Qd4 Qe5 38. Qd2 Ne4 39. Qe3 Qg5 40. Qf3 Nd2 41. Qd3 Qf4 42. Kg2 Nc4 43. Qf3 Qxf3+ 44. Bxf3 f5 45. h3 h5 46. Kg3 Ne3 47. Kh2 fxg4 48. hxg4 hxg4 49. Nxg4 Nxg4+ 50. Rxg4 Rxg4 51. Bxg4 Kg7 52. Bf3 Re5 53. Kg3 Kf6 54. Kf2 Ke6 55. Be2 Kf5 56. Ke1 Ke4 57. Kd2 Rg5 58. Bd3+ Ke5 59. a4 Rg2+ 60. Kc1 Kf4 61. Bc2 Ke3 62. b3 a5 63. Kb2 Kd2 64. Bf5 Ke3+ 65. Ka3 Rf2 66. Bh7 Rf7 67. Bg8 Rd7 68. Kb2 Ke4 69. Be6 Rc7 70. Bh3 Rg7 71. Be6 d4 72. cxd4 Kxd4 73. Bc4 Rg2+ 74. Ka3 Kc3 75. Bd5 Rg1 76. Ka2 Kb4 77. Kb2 Rd1 78. Bf7 Rd2+ 79. Kc1 Rf2 80. Bc4 Kc3 81. Kb1 Rb2+ 82. Ka1 Rxb3 83. Bxb3 Kxb3 84. Kb1 Kxa4 85. Kb2 Kb4 86. Ka2 Kc3 87. Kb1 b5 0-1

[Event "7th Iberoamerican-ch 2019"]
[Site "Linares"]
[Date "2019.08.15"]
[Round "6.39"]
[White "Martinez-Conde Hernandez, Carlos"]
[Black "Riquelme Valero, Manuel Damian"]
[Result "1-0"]
[ECO "B10"]
[WhiteElo "2046"]
[BlackElo "2157"]
[Annotator "NA"]
[PlyCount "67"]
[EventDate "2019.08.10"]
[EventType "swiss"]
[EventCountry "ESP"]
[SourceTitle "playchess.com"]
[Source "ChessBase"]
[SourceQuality "1"]
[TimeControl "5400+30"]

1. e4 c6 2. Nf3 d5 3. Nc3 dxe4 4. Nxe4 Nf6 5. Qe2 Nxe4 6. Qxe4 Qd5 7. Qf4 Qf5 8. Qe3 Qe6 9. b3 Qxe3+ 10. fxe3 Bf5 11. Bb2 Nd7 12. O-O-O e6 13. Be2 Be7 14. Rhg1 Bf6 15. g4 Bxb2+ 16. Kxb2 Bg6 17. h4 h6 18. h5 Be4 19. d4 Bxf3 20. Bxf3 Ke7 21. e4 g6 22. e5 gxh5 23. gxh5 Rag8 24. c4 Rxg1 25. Rxg1 Kf8 26. b4 Rg8 27. Rxg8+ Kxg8 28. a4 Kf8 29. a5 a6 30. b5 Nb8 31. Kc3 Ke7 32. Kb4 Kd8 33. Kc5 Kc7 34. b6+ 1-0

[Event "7th Iberoamerican-ch 2019"]
[Site "Linares"]
[Date "2019.08.15"]
[Round "6.40"]
[White "Gomez Barrera, Javiera Belen"]
[Black "Alvarez Morales, Miguel"]
[Result "1/2-1/2"]
[ECO "B42"]
[WhiteElo "2156"]
[BlackElo "1965"]
[Annotator "NA"]
[PlyCount "133"]
[EventDate "2019.08.10"]
[EventType "swiss"]
[EventCountry "ESP"]
[SourceTitle "playchess.com"]
[Source "ChessBase"]
[SourceQuality "1"]
[TimeControl "5400+30"]

1. e4 c5 2. Nf3 e6 3. d4 cxd4 4. Nxd4 a6 5. Bd3 Nf6 6. O-O d6 7. Qe2 Nbd7 8. c4 Be7 9. f4 Qc7 10. Nc3 O-O 11. Nf3 g6 12. Bd2 Nc5 13. Bc2 b5 14. b4 Ncd7 15. cxb5 d5 16. exd5 Bxb4 17. dxe6 Bxc3 18. Bxc3 Qxc3 19. exd7 Bxd7 20. bxa6 Qc5+ 21. Kh1 Bb5 22. Bd3 Bxd3 23. Qxd3 Ng4 24. Qd4 Qxd4 25. Nxd4 Rxa6 26. h3 Rd8 27. Nb3 Ne3 28. Rf2 Rad6 29. Re1 Rd1 30. Rfe2 Nf5 31. Kh2 Rxe1 32. Rxe1 Ra8 33. Re2 Ra4 34. g3 Ra3 35. Kg2 Kf8 36. Kf2 Nd6 37. Nc1 f5 38. Re3 Ne4+ 39. Kf3 Ra7 40. a3 Rc7 41. Ne2 Rc2 42. g4 Ra2 43. gxf5 gxf5 44. Rd3 Nd2+ 45. Ke3 Nc4+ 46. Kd4 Nxa3 47. Ng3 Kf7 48. Ke5 Nc4+ 49. Kxf5 Ra5+ 50. Kg4 Kg6 51. Rd4 Ne3+ 52. Kf3 Nf5 53. Rd3 h5 54. Ne2 Kf6 55. Rb3 Ra6 56. Rc3 Rd6 57. Kf2 Rd2 58. Ke1 Rd6 59. Kf2 Ra6 60. Rd3 Ra2 61. Kf3 Ra5 62. Nc3 Ke6 63. Ne4 Nh4+ 64. Kg3 Nf5+ 65. Kf3 Nh4+ 66. Kg3 Nf5+ 67. Kf3 {[%emt 0:00:29] Ke5} 1/2-1/2

[Event "7th Iberoamerican-ch 2019"]
[Site "Linares"]
[Date "2019.08.16"]
[Round "7.4"]
[White "Albornoz Cabrera, Carlos Daniel"]
[Black "Zambrana, Oswaldo"]
[Result "1-0"]
[ECO "D56"]
[WhiteElo "2566"]
[BlackElo "2440"]
[Annotator "ChessBase"]
[PlyCount "91"]
[EventDate "2019.08.10"]
[EventType "swiss"]
[EventCountry "ESP"]
[SourceTitle "playchess.com"]
[Source "ChessBase"]
[SourceQuality "1"]
[TimeControl "5400+30"]

1. Nf3 Nf6 2. c4 e6 3. Nc3 d5 4. d4 Be7 5. Bg5 h6 6. Bh4 O-O 7. e3 Nbd7 8. Rc1 c6 9. Bd3 b6 10. cxd5 exd5 11. Qc2 Bb7 12. O-O Re8 13. Bf5 Nh5 14. Bxe7 Rxe7 15. Ne2 Nhf6 16. Nf4 c5 17. dxc5 Nxc5 18. Rfd1 Qe8 19. Nd4 a5 20. Qe2 Rd8 21. Bd3 Rc7 22. a3 Qe5 23. b4 axb4 24. axb4 Nce4 25. Bxe4 Nxe4 26. Nd3 Qd6 27. Nb5 Rxc1 28. Nxd6 Nc3 29. Nxc1 Nxe2+ 30. Nxe2 Rxd6 31. Nd4 Ba6 32. Nf5 Rd7 33. Rxd5 Rc7 34. h3 Rc1+ 35. Kh2 Rb1 36. Rd4 Bf1 37. Rg4 Kf8 38. Nxg7 Be2 39. f3 Rb2 40. Kg1 Rb1+ 41. Kf2 Rb2 42. Nh5 Bc4+ 43. Kg3 Rxb4 44. Nf6 b5 45. Re4 Rb2 46. Nd7+ 1-0

[Event "7th Iberoamerican-ch 2019"]
[Site "Linares"]
[Date "2019.08.16"]
[Round "7.5"]
[White "Escobar Forero, Alder"]
[Black "Henriquez Villagra, Cristobal"]
[Result "1/2-1/2"]
[ECO "C78"]
[WhiteElo "2477"]
[BlackElo "2562"]
[Annotator "ChessBase"]
[PlyCount "124"]
[EventDate "2019.08.10"]
[EventType "swiss"]
[EventCountry "ESP"]
[SourceTitle "playchess.com"]
[Source "ChessBase"]
[SourceQuality "1"]
[TimeControl "5400+30"]

1. e4 e5 2. Nf3 Nc6 3. Bb5 a6 4. Ba4 Nf6 5. O-O Bc5 6. Nxe5 Nxe5 7. d4 b5 8. dxe5 Nxe4 9. Bb3 Bb7 10. Qg4 Qe7 11. Nc3 f5 12. exf6 Nxf6 13. Qg5 O-O-O 14. Bf4 Rde8 15. Rad1 h6 16. Qg6 Rhf8 17. Bg3 Ne4 18. Nxe4 Qxe4 19. Qxe4 Rxe4 20. Rfe1 Rg4 21. Re2 h5 22. Bd5 h4 23. Bxb7+ Kxb7 24. Be5 d6 25. h3 Rg5 26. Bd4 Rd5 27. Re4 g5 28. Rd3 Kc6 29. Kf1 Bxd4 30. Rdxd4 Rdf5 31. f3 Kd7 32. Rd3 a5 33. Rde3 R8f7 34. c4 bxc4 35. Rxc4 Rf4 36. Ree4 c5 37. Kf2 Kc6 38. Ke3 R4f5 39. Re8 Rb7 40. b3 Rb4 41. Ra8 Rf4 42. Re4 Kd5 43. Ree8 a4 44. Rg8 Rf5 45. Rxa4 Rxa4 46. bxa4 Kc4 47. Rb8 d5 48. a5 Rf7 49. a6 Ra7 50. Rb6 Kc3 51. Rb3+ Kc4 52. Rb6 Kc3 53. Rb3+ Kc2 54. Rb5 d4+ 55. Ke4 Re7+ 56. Kd5 d3 57. Rxc5+ Kb2 58. Kc6 Re6+ 59. Kb7 Re7+ 60. Kb8 Re8+ 61. Kc7 Re7+ 62. Kb6 Re6+ 1/2-1/2

[Event "7th Iberoamerican-ch 2019"]
[Site "Linares"]
[Date "2019.08.16"]
[Round "7.6"]
[White "Krysa, Leandro"]
[Black "Huerga Leache, Mikel"]
[Result "1/2-1/2"]
[ECO "A36"]
[WhiteElo "2516"]
[BlackElo "2440"]
[Annotator "ChessBase"]
[PlyCount "118"]
[EventDate "2019.08.10"]
[EventType "swiss"]
[EventCountry "ESP"]
[SourceTitle "playchess.com"]
[Source "ChessBase"]
[SourceQuality "1"]
[TimeControl "5400+30"]

1. c4 c5 2. g3 Nc6 3. Bg2 g6 4. Nc3 Bg7 5. d3 d6 6. Qd2 e5 7. e3 Nge7 8. Nge2 h5 9. h4 a6 10. b3 Rb8 11. Bb2 b5 12. Nd5 Bb7 13. O-O O-O 14. Kh2 f5 15. f4 Kh8 16. Rae1 Qd7 17. e4 Rbe8 18. fxe5 dxe5 19. Bh3 Kh7 20. Qg5 Bc8 21. exf5 Nxf5 22. Nec3 Nce7 23. Nxe7 Rxe7 24. Nd5 Ref7 25. Bxe5 Bxe5 26. Rxe5 Qd6 27. Bxf5 Bxf5 28. Re7 Rxe7 29. Qxe7+ Qxe7 30. Nxe7 Kg7 31. Nxf5+ gxf5 32. cxb5 axb5 33. Rc1 Rc8 34. Kg2 Kf6 35. Kf3 Ke5 36. Ke3 b4 37. Rc4 Kd5 38. d4 cxd4+ 39. Rxd4+ Ke5 40. Rc4 Ra8 41. Rc5+ Ke6 42. Kf4 Rxa2 43. Re5+ Kd6 44. Rxf5 Rb2 45. Rxh5 Rxb3 46. Rh8 Rc3 47. Rb8 Rc4+ 48. Kg5 Kc7 49. Rf8 b3 50. Rf2 Rb4 51. Rb2 Kd7 52. Kf5 Kd6 53. h5 Ke7 54. g4 Kf7 55. g5 Rb5+ 56. Kf4 Kg7 57. h6+ Kg6 58. Ke4 Rxg5 59. Rxb3 Kxh6 1/2-1/2

[Event "7th Iberoamerican-ch 2019"]
[Site "Linares"]
[Date "2019.08.16"]
[Round "7.8"]
[White "Larino Nieto, David"]
[Black "Salgado Lopez, Ivan"]
[Result "1/2-1/2"]
[ECO "A01"]
[WhiteElo "2457"]
[BlackElo "2596"]
[Annotator "ChessBase"]
[PlyCount "89"]
[EventDate "2019.08.10"]
[EventType "swiss"]
[EventCountry "ESP"]
[SourceTitle "playchess.com"]
[Source "ChessBase"]
[SourceQuality "1"]
[TimeControl "5400+30"]

1. b3 e5 2. Bb2 Nc6 3. e3 g6 4. d4 exd4 5. Nf3 Bg7 6. Be2 Nf6 7. Nxd4 Nxd4 8. Bxd4 d5 9. O-O O-O 10. Nd2 Qe7 11. Bf3 c5 12. Bb2 Bf5 13. Rc1 Rad8 14. Qe2 Rfe8 15. Rfe1 h5 16. h3 Qc7 17. Ba1 h4 18. Red1 d4 19. Nf1 a6 20. c4 Ne4 21. Bxe4 Bxe4 22. f3 Bc6 23. Qf2 Qa5 24. exd4 cxd4 25. Bxd4 Bxd4 26. Rxd4 Rxd4 27. Qxd4 Bxf3 28. Qxh4 Qc5+ 29. Kh1 Bc6 30. Re1 Rxe1 31. Qxe1 Qf5 32. Kg1 a5 33. Qd2 a4 34. bxa4 Bxa4 35. Qd8+ Kh7 36. Qd4 Bc6 37. a3 Qc2 38. Ne3 Qc1+ 39. Kh2 Qxa3 40. Ng4 Qa2 41. Nf6+ Kh6 42. Nd5 Kh7 43. Qh4+ Kg8 44. Qe4 Qb2 45. Ne7+ 1/2-1/2

[Event "7th Iberoamerican-ch 2019"]
[Site "Linares"]
[Date "2019.08.16"]
[Round "7.9"]
[White "Lopez Martinez, Josep Manuel"]
[Black "Fluvia Poyatos, Jordi"]
[Result "1-0"]
[ECO "A50"]
[WhiteElo "2581"]
[BlackElo "2455"]
[Annotator "ChessBase"]
[PlyCount "89"]
[EventDate "2019.08.10"]
[EventType "swiss"]
[EventCountry "ESP"]
[SourceTitle "playchess.com"]
[Source "ChessBase"]
[SourceQuality "1"]
[TimeControl "5400+30"]

1. d4 Nf6 2. c4 g6 3. f3 Nc6 4. d5 Ne5 5. e4 d6 6. Nc3 Bg7 7. f4 Ned7 8. Nh3 O-O 9. Be3 e6 10. dxe6 fxe6 11. Be2 b6 12. Qc2 Bb7 13. O-O Qe7 14. Rad1 Rae8 15. Nf2 Nh5 16. g3 Bh6 17. Qd2 Rd8 18. Bf3 Nhf6 19. Bg2 Ba8 20. Qe2 Bg7 21. Nb5 e5 22. Nxc7 exf4 23. Bxf4 Ne5 24. Nd5 Bxd5 25. exd5 Nfd7 26. Ne4 h6 27. Bh3 Nc5 28. Nxc5 bxc5 29. Be6+ Kh7 30. Qe4 Kh8 31. b4 Qc7 32. b5 Qe7 33. Bxe5 Bxe5 34. Qxg6 Qg7 35. Qxg7+ Kxg7 36. Rd3 Bd4+ 37. Kg2 Rxf1 38. Kxf1 Rf8+ 39. Ke1 Bb2 40. Rb3 Bc1 41. a4 Rb8 42. a5 Bg5 43. Rf3 Rb7 44. a6 Rc7 45. b6 1-0

[Event "7th Iberoamerican-ch 2019"]
[Site "Linares"]
[Date "2019.08.16"]
[Round "7.11"]
[White "Salinas Herrera, Pablo"]
[Black "Teran Alvarez, Ismael"]
[Result "1-0"]
[ECO "D37"]
[WhiteElo "2506"]
[BlackElo "2392"]
[Annotator "ChessBase"]
[PlyCount "71"]
[EventDate "2019.08.10"]
[EventType "swiss"]
[EventCountry "ESP"]
[SourceTitle "playchess.com"]
[Source "ChessBase"]
[SourceQuality "1"]
[TimeControl "5400+30"]

1. Nf3 Nf6 2. d4 d5 3. c4 e6 4. Nc3 Be7 5. Bf4 O-O 6. e3 Nbd7 7. c5 Nh5 8. Bd3 Nxf4 9. exf4 b6 10. b4 a5 11. a3 c6 12. O-O Qc7 13. g3 Ba6 14. Re1 Bxd3 15. Qxd3 Ra7 16. Rac1 axb4 17. axb4 Bf6 18. Nd1 bxc5 19. bxc5 Rfa8 20. Ne3 Ra3 21. Qe2 Ra2 22. Rc2 R2a4 23. Rd1 g6 24. Ng4 Bg7 25. Nge5 f6 26. Nd3 Re8 27. Ra2 Qa5 28. Rda1 Rxa2 29. Rxa2 Qb5 30. Ra7 Re7 31. h4 Kf7 32. h5 Nf8 33. Nde5+ fxe5 34. Ng5+ Ke8 35. Ra8+ Kd7 36. Qa2 1-0

[Event "7th Iberoamerican-ch 2019"]
[Site "Linares"]
[Date "2019.08.16"]
[Round "7.12"]
[White "Merario Alarcon, Andres"]
[Black "Matamoros Franco, Carlos S."]
[Result "1/2-1/2"]
[ECO "D37"]
[WhiteElo "2392"]
[BlackElo "2498"]
[Annotator "ChessBase"]
[PlyCount "57"]
[EventDate "2019.08.10"]
[EventType "swiss"]
[EventCountry "ESP"]
[SourceTitle "playchess.com"]
[Source "ChessBase"]
[SourceQuality "1"]
[TimeControl "5400+30"]

1. d4 Nf6 2. c4 e6 3. Nf3 d5 4. Nc3 Be7 5. Bf4 O-O 6. e3 b6 7. Be2 dxc4 8. Bxc4 Ba6 9. Bxa6 Nxa6 10. Qe2 Qc8 11. e4 c5 12. O-O Re8 13. Rfd1 Qb7 14. Bg5 cxd4 15. Nxd4 Nc5 16. f3 a6 17. b4 Ncd7 18. b5 h6 19. Be3 axb5 20. Ndxb5 Rec8 21. Bd4 Rc6 22. e5 Ne8 23. Ne4 Nc5 24. Bxc5 bxc5 25. Qc4 Rca6 26. a4 Qc6 27. f4 Nc7 28. Nec3 Nd5 29. Nxd5 1/2-1/2

[Event "7th Iberoamerican-ch 2019"]
[Site "Linares"]
[Date "2019.08.16"]
[Round "7.13"]
[White "Moreno Ruiz, Javier"]
[Black "Plazuelo Pascual, Juan"]
[Result "1/2-1/2"]
[ECO "D36"]
[WhiteElo "2473"]
[BlackElo "2411"]
[Annotator "ChessBase"]
[PlyCount "62"]
[EventDate "2019.08.10"]
[EventType "swiss"]
[EventCountry "ESP"]
[SourceTitle "playchess.com"]
[Source "ChessBase"]
[SourceQuality "1"]
[TimeControl "5400+30"]

1. d4 d5 2. c4 e6 3. Nc3 Nf6 4. cxd5 exd5 5. Bg5 c6 6. Qc2 h6 7. Bh4 Be6 8. e3 Nbd7 9. Bd3 g5 10. Bg3 Nh5 11. Nf3 Nxg3 12. hxg3 Bg7 13. O-O Qe7 14. e4 dxe4 15. Bxe4 g4 16. Nh4 Bxd4 17. Nf5 Qc5 18. Rfd1 Be5 19. Rac1 O-O-O 20. Qe2 Kb8 21. Nd5 Qb5 22. Qxb5 cxb5 23. b3 h5 24. Nfe3 Rc8 25. Bf5 Rxc1 26. Rxc1 Rc8 27. Rd1 Nf8 28. Nf4 Bxf4 29. gxf4 a6 30. g3 Re8 31. Bxe6 fxe6 1/2-1/2

[Event "7th Iberoamerican-ch 2019"]
[Site "Linares"]
[Date "2019.08.16"]
[Round "7.14"]
[White "Cruz, Cristhian"]
[Black "Lianes Garcia, Marcos"]
[Result "1-0"]
[ECO "A00"]
[WhiteElo "2559"]
[BlackElo "2347"]
[Annotator "ChessBase"]
[PlyCount "73"]
[EventDate "2019.08.10"]
[EventType "swiss"]
[EventCountry "ESP"]
[SourceTitle "playchess.com"]
[Source "ChessBase"]
[SourceQuality "1"]
[TimeControl "5400+30"]

1. g3 e5 2. c4 Nf6 3. Bg2 c6 4. d4 e4 5. Nc3 d5 6. Bg5 Bb4 7. cxd5 cxd5 8. Rc1 Nc6 9. Nh3 h6 10. Bxf6 Qxf6 11. Nf4 Be6 12. O-O Bxc3 13. bxc3 g5 14. Nxe6 Qxe6 15. c4 O-O-O 16. cxd5 Rxd5 17. e3 g4 18. Qb3 Re8 19. Rc3 Kb8 20. Rb1 Na5 21. Qc2 f5 22. Rc1 Nc6 23. Bf1 Ra5 24. Qb1 Rc8 25. Bb5 Ka8 26. a4 Rb8 27. Rc5 Ne7 28. Qb4 Qb6 29. Re5 Nc6 30. Rxc6 bxc6 31. Qxa5 cxb5 32. Rxb5 Qc6 33. Rxf5 Rb1+ 34. Kg2 Qc1 35. Qd5+ Kb8 36. Rf8+ Kc7 37. Rf7+ 1-0

[Event "7th Iberoamerican-ch 2019"]
[Site "Linares"]
[Date "2019.08.16"]
[Round "7.15"]
[White "Matnadze, Ana"]
[Black "Fier, Alexandr"]
[Result "1/2-1/2"]
[ECO "A49"]
[WhiteElo "2363"]
[BlackElo "2558"]
[Annotator "ChessBase"]
[PlyCount "61"]
[EventDate "2019.08.10"]
[EventType "swiss"]
[EventCountry "ESP"]
[SourceTitle "playchess.com"]
[Source "ChessBase"]
[SourceQuality "1"]
[TimeControl "5400+30"]

1. d4 Nf6 2. Nf3 g6 3. g3 Bg7 4. Bg2 O-O 5. O-O d5 6. c4 dxc4 7. Na3 c3 8. bxc3 c5 9. e3 Nc6 10. Qe2 Bf5 11. Rd1 Qb6 12. Nc4 Qa6 13. Bf1 Rfd8 14. a4 cxd4 15. exd4 Be6 16. Ba3 Nd5 17. Qe1 Bh3 18. Be2 b6 19. Nd6 Qa5 20. Nxf7 Kxf7 21. Ng5+ Kg8 22. Nxh3 Qxc3 23. Qxc3 Nxc3 24. Bc4+ Kh8 25. Ng5 Rxd4 26. Nf7+ Kg8 27. Rxd4 Nxd4 28. Ng5+ Kh8 29. Nf7+ Kg8 30. Ng5+ Kh8 31. Nf7+ 1/2-1/2

[Event "7th Iberoamerican-ch 2019"]
[Site "Linares"]
[Date "2019.08.16"]
[Round "7.16"]
[White "Martinez Duany, Lelys Stanley"]
[Black "Domingo Nunez, Ruben"]
[Result "1-0"]
[ECO "B10"]
[WhiteElo "2526"]
[BlackElo "2345"]
[Annotator "ChessBase"]
[PlyCount "101"]
[EventDate "2019.08.10"]
[EventType "swiss"]
[EventCountry "ESP"]
[SourceTitle "playchess.com"]
[Source "ChessBase"]
[SourceQuality "1"]
[TimeControl "5400+30"]

1. e4 c6 2. d3 g6 3. Nf3 Bg7 4. g3 d5 5. Nbd2 e5 6. Bg2 Ne7 7. O-O O-O 8. Re1 Qc7 9. Qe2 Nd7 10. b3 d4 11. Bb2 c5 12. c3 dxc3 13. Bxc3 b6 14. Nc4 Ba6 15. Bh3 Nc6 16. Rac1 Rae8 17. a3 Bxc4 18. dxc4 Nd4 19. Qd3 Re7 20. Bb2 f5 21. Bxd4 cxd4 22. b4 Nf6 23. Nd2 Bh6 24. Bg2 Qd7 25. c5 fxe4 26. Nxe4 Bxc1 27. Rxc1 Nxe4 28. Bxe4 Kg7 29. c6 Qd6 30. Kg2 Ref7 31. Rc2 Re7 32. h4 h5 33. f3 Qf6 34. Qd2 Rc8 35. a4 Rcc7 36. b5 Qd6 37. a5 bxa5 38. Qxa5 Qf6 39. Qd2 Re8 40. Rc5 Rd8 41. Bd3 a6 42. Qa5 Rf7 43. Be4 d3 44. c7 Rd4 45. Rc6 d2 46. Rxf6 d1=Q 47. Rxg6+ Kh7 48. Rf6+ Rxe4 49. Rxf7+ Kg6 50. fxe4 Kxf7 51. Qa2+ 1-0

[Event "7th Iberoamerican-ch 2019"]
[Site "Linares"]
[Date "2019.08.16"]
[Round "7.17"]
[White "Vega Gutierrez, Sabrina"]
[Black "Espinosa Aranda, Angel"]
[Result "1/2-1/2"]
[ECO "B56"]
[WhiteElo "2385"]
[BlackElo "2497"]
[Annotator "ChessBase"]
[PlyCount "119"]
[EventDate "2019.08.10"]
[EventType "swiss"]
[EventCountry "ESP"]
[SourceTitle "playchess.com"]
[Source "ChessBase"]
[SourceQuality "1"]
[TimeControl "5400+30"]

1. e4 c5 2. Nf3 d6 3. d4 cxd4 4. Nxd4 Nf6 5. Nc3 Bd7 6. Bg5 e6 7. Ndb5 Bxb5 8. Bxb5+ Nc6 9. Qf3 Be7 10. e5 Nd5 11. Bxc6+ bxc6 12. Bxe7 Qxe7 13. exd6 Qxd6 14. O-O O-O 15. Ne4 Qb4 16. b3 f5 17. Ng3 Qf4 18. Qxf4 Nxf4 19. Rfd1 Rfd8 20. Kf1 Kf7 21. Ne2 Nxe2 22. Kxe2 e5 23. a4 a5 24. f3 Ke6 25. g4 Rd5 26. gxf5+ Kxf5 27. Rxd5 cxd5 28. c3 Rb8 29. b4 axb4 30. cxb4 Rxb4 31. a5 Rb2+ 32. Ke3 Rb3+ 33. Ke2 Rb7 34. a6 Ra7 35. Ke3 g5 36. Ra5 h5 37. h3 d4+ 38. Kf2 Kf4 39. Ra4 h4 40. Ra5 g4 41. fxg4 d3 42. Ra3 e4 43. Ra4 d2 44. Ke2 Kg3 45. Ra3+ Kg2 46. Kxd2 Kf2 47. g5 Rd7+ 48. Kc2 Rc7+ 49. Kd2 Rd7+ 50. Kc2 Rc7+ 51. Kd2 Rd7+ 52. Kc2 Rc7+ 53. Kb2 Ra7 54. g6 e3 55. g7 Rxg7 56. a7 Rxa7 57. Rxa7 e2 58. Rf7+ Kg2 59. Re7 Kf2 60. Rf7+ 1/2-1/2

[Event "7th Iberoamerican-ch 2019"]
[Site "Linares"]
[Date "2019.08.16"]
[Round "7.18"]
[White "Guerrero Vargas, Andres Jesus"]
[Black "Garriga Cazorla, Pere"]
[Result "1/2-1/2"]
[ECO "B30"]
[WhiteElo "2342"]
[BlackElo "2495"]
[Annotator "ChessBase"]
[PlyCount "88"]
[EventDate "2019.08.10"]
[EventType "swiss"]
[EventCountry "ESP"]
[SourceTitle "playchess.com"]
[Source "ChessBase"]
[SourceQuality "1"]
[TimeControl "5400+30"]

1. e4 c5 2. Nf3 Nc6 3. c3 Nf6 4. e5 Nd5 5. Bc4 Nb6 6. Bb3 c4 7. Bc2 d6 8. exd6 e5 9. O-O Bxd6 10. d3 cxd3 11. Qxd3 Qe7 12. Ng5 Bd7 13. a4 f5 14. Bb3 e4 15. Qd1 Ne5 16. a5 Nbc4 17. f4 exf3 18. Nxf3 O-O-O 19. Bxc4 Nxc4 20. Bg5 Bc5+ 21. Kh1 Qe6 22. Nd4 Bxd4 23. cxd4 Bc6 24. Nc3 h6 25. d5 Rxd5 26. Nxd5 Bxd5 27. Qh5 Qe4 28. Qh3 Kd7 29. Rxf5 Kc6 30. Rf4 Qc2 31. Rxc4+ Bxc4 32. Rc1 Rf8 33. Qc8+ Rxc8 34. Rxc2 Kb5 35. Be3 a6 36. b3 Be6 37. Rxc8 Bxc8 38. Bd2 Be6 39. b4 Kc4 40. Kg1 Kd3 41. Bf4 g5 42. Bd6 Ke2 43. Bf8 h5 44. Be7 g4 1/2-1/2

[Event "7th Iberoamerican-ch 2019"]
[Site "Linares"]
[Date "2019.08.16"]
[Round "7.19"]
[White "Damaso, Rui"]
[Black "Esquivias Quintero, Luis Manuel"]
[Result "1-0"]
[ECO "A04"]
[WhiteElo "2417"]
[BlackElo "2282"]
[Annotator "NA"]
[PlyCount "77"]
[EventDate "2019.08.10"]
[EventType "swiss"]
[EventCountry "ESP"]
[SourceTitle "playchess.com"]
[Source "ChessBase"]
[SourceQuality "1"]
[TimeControl "5400+30"]

1. Nf3 b6 2. e4 Bb7 3. Nc3 Nf6 4. e5 Nd5 5. Bc4 e6 6. Bxd5 Bxd5 7. Nxd5 exd5 8. O-O Be7 9. Nd4 Nc6 10. Nf5 g6 11. Nxe7 Qxe7 12. d4 h6 13. a4 Qe6 14. Ra3 Ne7 15. Rf3 Qc6 16. c3 Nf5 17. g4 Nh4 18. Rh3 g5 19. f4 Qg6 20. Qe2 O-O-O 21. f5 Qc6 22. b3 Rde8 23. Bd2 Kb7 24. Re3 Rh7 25. Be1 h5 26. Bg3 hxg4 27. Qxg4 Qh6 28. c4 c6 29. cxd5 cxd5 30. Rc3 Qh5 31. Qxh5 Rxh5 32. e6 dxe6 33. Rc7+ Ka6 34. fxe6 f5 35. e7 f4 36. Bxh4 Rxh4 37. b4 Rh3 38. b5+ Ka5 39. Rb1 1-0

[Event "7th Iberoamerican-ch 2019"]
[Site "Linares"]
[Date "2019.08.16"]
[Round "7.20"]
[White "Garcia, Jhoel"]
[Black "Gines Esteo, Pedro Antonio"]
[Result "0-1"]
[ECO "B11"]
[WhiteElo "2290"]
[BlackElo "2417"]
[Annotator "ChessBase"]
[PlyCount "144"]
[EventDate "2019.08.10"]
[EventType "swiss"]
[EventCountry "ESP"]
[SourceTitle "playchess.com"]
[Source "ChessBase"]
[SourceQuality "1"]
[TimeControl "5400+30"]

1. e4 c6 2. Nf3 d5 3. Nc3 Bg4 4. h3 Bxf3 5. Qxf3 e6 6. d4 dxe4 7. Qxe4 Nf6 8. Qh4 Nbd7 9. Qg3 Nb6 10. Be3 Qd6 11. Qxd6 Bxd6 12. O-O-O Bb4 13. Bd2 O-O-O 14. a3 Be7 15. Be3 h5 16. Bd3 h4 17. Ne2 Nfd5 18. Bd2 Rh5 19. c4 Nc7 20. Kc2 Bf6 21. Be3 Bg5 22. f4 Bf6 23. Rhf1 g6 24. b4 Kb8 25. Nc3 Rhh8 26. Be2 Bg7 27. Ne4 Nc8 28. a4 Ne7 29. Bf2 Nf5 30. Kc3 b5 31. Bg4 bxc4 32. Kxc4 Nd5 33. Bxf5 gxf5 34. Nc5 Nxf4 35. Bg1 Nd5 36. b5 cxb5+ 37. axb5 Nb6+ 38. Kb4 Nd5+ 39. Kc4 Bf8 40. Ra1 Rg8 41. Ra2 Rg3 42. Rf3 Nb6+ 43. Kb4 Nd5+ 44. Kc4 Bd6 45. Bh2 Rxf3 46. Bxd6+ Rxd6 47. gxf3 Nb6+ 48. Kc3 Nd5+ 49. Kc4 Rd8 50. Ra1 Nb6+ 51. Kc3 Nd5+ 52. Kc4 Rg8 53. Nd7+ Kb7 54. Nc5+ Ka8 55. Nd7 Rc8+ 56. Nc5 Nb6+ 57. Kb4 Rd8 58. Nb3 Nd5+ 59. Kc4 f4 60. Rg1 Ne3+ 61. Kb4 Nf5 62. Rg4 Nxd4 63. Nxd4 Rxd4+ 64. Kc5 e5 65. Rg7 Rd3 66. Rxf7 Rxf3 67. Kc6 Rc3+ 68. Kd6 Rxh3 69. Kxe5 Rb3 70. Rxf4 Rxb5+ 71. Kd6 Rh5 72. Kc6 Rh8 0-1